 Dungeon Crawl Stone Soup version 0.30.1-4-g462c640d31 (webtiles) character file.

Game seed: 10784536407485002716

18475 wingedge the Destroyer (level 12, 0/100 HPs)
             Began as a Demigod Earth Elementalist on Aug 24, 2023.
             Slain by a naga skeleton (13 damage)
             ... in a volcano.
             The game lasted 00:39:51 (15802 turns).

wingedge the Destroyer (DgEE)                      Turns: 15802, Time: 00:39:51

Health: 0/100      AC: 11    Str:  9    XL:     12   Next: 2%
Magic:  22/25      EV:  7    Int: 33    God:
Gold:   834        SH:  0    Dex: 17    Spells: 9/23 levels left

rFire   + + .        B - +2 whip (elec)
rCold   x . .        x - orb {light}
rNeg    . . .        y - +1 ring mail of Activism {rF+ Regen+ Dex+3 SInv}
rPois   .            T - +2 hat
rElec   .            h - +0 cloak
rCorr   .            (no gloves)
SInv    +            A - +0 pair of boots
Will    +....        z - amulet of regeneration
Stlth   +            N - ring of fire
HPRegen 1.96/turn    f - ring of flight
MPRegen 0.19/turn

%: no passive effects
@: flying, very slightly contaminated, glowing, constricted
A: high MP 1, forlorn, divine attributes
a: no special abilities


You were in a volcano.
You visited 2 branches of the dungeon, and saw 12 of its levels.
You also visited: Ossuary and Volcano.

You collected 867 gold pieces.
You spent 33 gold pieces at shops.

Inventory:

Hand Weapons
 o - a +3 rapier
 B - a +2 whip of electrocution (weapon)
 R - a +0 heavy war axe
Missiles
 a - 2 throwing nets
Armour
 h - a +0 cloak (worn)
 n - a +0 helmet
 x - an orb of light (worn)
 y - the +1 ring mail of Activism (worn) {rF+ Regen+ Dex+3 SInv}
   (You found it on level 4 of the Dungeon)

   Dex:       It affects your dexterity (+3).
   rF:        It protects you from fire.
   SInv:      It lets you see invisible.
   Regen:     It increases your rate of health regeneration.
 A - a +0 pair of boots (worn)
 J - a +1 ring mail of willpower
 O - a +0 kite shield
 P - the +1 leather armour "Nilerop" {+Blink rElec rF+}
   (You found it on level 10 of the Dungeon)

   rF:        It protects you from fire.
   rElec:     It insulates you from electricity.
   +Blink:    It lets you blink.
 T - a +2 hat (worn)
Jewellery
 f - a ring of flight (right hand)
 k - a ring of poison resistance
 z - an amulet of regeneration (around neck)
 G - a +6 ring of dexterity
 N - a ring of fire (left hand)
 U - a ring of positive energy
Wands
 E - a wand of iceblast (27)
 H - a wand of mindburst (20)
 K - a wand of flame (20)
 M - a wand of acid (11)
Scrolls
 d - a scroll of amnesia
 g - 2 scrolls of immolation
 i - 3 scrolls of vulnerability
 j - 2 scrolls of enchant weapon
 l - 2 scrolls of poison
 m - 6 scrolls of teleportation
 q - 3 scrolls of blinking
 r - 2 scrolls of fog
 F - 3 scrolls of silence
 L - 2 scrolls of enchant armour
 Q - a scroll of identify
Potions
 b - a potion of magic
 c - a potion of berserk rage
 e - 2 potions of cancellation
 p - 4 potions of brilliance
 s - 9 potions of heal wounds
 t - 6 potions of mutation
 u - 3 potions of flight
 v - 3 potions of lignification
 w - 5 potions of might
 C - 5 potions of curing
 D - 4 potions of haste
 I - a potion of degeneration {unknown}
 S - a potion of ambrosia {unknown}


   Skills:
 - Level 7.0 Fighting
 - Level 6.0 Armour
 - Level 2.0 Dodging
 - Level 2.0 Stealth
 - Level 6.0 Spellcasting
 - Level 8.0 Conjurations
 - Level 0.8 Transmutations
 + Level 7.7 Ice Magic
 + Level 7.8 Air Magic
 - Level 7.0 Earth Magic


You had 9 spell levels left.
You knew the following spells:

 Your Spells              Type           Power      Damage    Failure   Level
a - Sandblast             Erth           100%       2d20      1%          1
b - Stone Arrow           Conj/Erth      100%       3d13      1%          3
c - Passwall              Tmut/Erth      29%        N/A       3%          2
d - Swiftness             Air            57%        N/A       1%          3
e - Freezing Cloud        Conj/Ice/Air   29%        6-21      12%         5

Your spell library contained the following spells:

 Spells                   Type           Power      Damage    Failure   Level
 Cigotuvi's Dreadful Rot  Necr/Pois/Air  54%        N/A       5%          2
 Vhi's Electric Charge    Tloc/Air       70%        N/A       6%          3
 Petrify                  Tmut/Erth      35%        N/A       21%         4
 Ignite Poison            Fire/Tmut/Pois 17%        N/A       28%         3
 Tukima's Dance           Hex            9%         N/A       30%         3
 Irradiate                Conj/Tmut      19%        3d18      43%         5
 Silence                  Hex/Air        17%        N/A       52%         5
 Passage of Golubria      Tloc           9%         N/A       71%         4
 Blade Hands              Tmut           7%         N/A       90%         5
 Yara's Violent Unravell  Hex/Tmut       6%         3d5       94%         5
 Dragon Form              Tmut           7%         N/A       100%        7
 Discord                  Hex            4%         N/A       100%        8
 Lehudib's Crystal Spear  Conj/Erth      28%        10d7      100%        8


Dungeon Overview and Level Annotations

Branches:
Dungeon (10/15)            Temple (0/1) D:7            Lair (2/5) D:10
    Orc (0/2) D:9         Ossuary (visited)         Volcano (1/1)
  Swamp: Lair:2-3    Shoals: Lair:2-3     Snake: Lair:2-3    Spider: Lair:2-3

Shops:
D:1 [((   D:3 *   D:8 !

Annotations:
D:10 1 runed translucent door


Innate Abilities, Weirdness & Mutations

You have an increased reservoir of magic. (+10% MP)
You shall have no god before yourself.
Your divine heritage dramatically boosts your attributes as you level up.


Message History

Aiming: Stone Arrow (safe; 1% risk of failure)
Press: ? - help, Shift-Dir - straight line, f/p - gargoyle
Aim: a gargoyle, wielding a +0 flail (lightly damaged, haloed, 92% to hit)
The stone arrow hits the gargoyle!!
The gargoyle is almost destroyed.
The gargoyle hurls a stone arrow at you.
The stone arrow hits you!!
You hit the gargoyle but do no damage.
The gargoyle is almost destroyed.
The naga skeleton hits you. The naga skeleton constricts you.
The gargoyle hits you but does no damage.
You hit the gargoyle but do no damage.
The gargoyle is almost destroyed.
The naga skeleton closely misses you. The naga skeleton constricts you.
The gargoyle closely misses you.
You hit the gargoyle but do no damage.
The gargoyle is almost destroyed.
The naga skeleton hits you!
* * * LOW HITPOINT WARNING * * *
The naga skeleton constricts you.
* * * LOW HITPOINT WARNING * * *
The gargoyle hits you with a +0 flail.
* * * LOW HITPOINT WARNING * * *
Magic courses through your body.
The gargoyle hurls a stone arrow at you.
The stone arrow hits you.
* * * LOW HITPOINT WARNING * * *
The naga skeleton hits you.
* * * LOW HITPOINT WARNING * * *
The naga skeleton constricts you.
* * * LOW HITPOINT WARNING * * *
Casting: Stone Arrow (safe; 1% risk of failure)
Confirm with . or Enter, or press ? or * to list all spells.
Aiming: Stone Arrow (safe; 1% risk of failure)
Press: ? - help, Shift-Dir - straight line, f/p - gargoyle
Aim: a gargoyle, wielding a +0 flail (almost destroyed, haloed, 92% to hit)
The stone arrow hits the gargoyle!
You destroy the gargoyle!
The naga skeleton hits you!
You die...

# ### #### ###.. #..⌠.
#####....
+.....##########§#.....≈
#.....)@...8...§≈...≈≈.≈
+..∩..Z........§§..≈≈≈§≈
#.....'....8...§§...§≈≈≈
#.....##########.#.§§§≈≈
#..⌠.. ###§.≈≈§≈ #+####
##§§§§§ ##≈§§§ ##§≈§
###§


You could see a naga skeleton.

Vanquished Creatures
  A catoblepas (Lair:1)
  A hydra (Lair:2)
  A two-headed ogre (D:9)
  The ghost of Zeor the Skirmisher, a novice TeHu of Okawaru (D:9)
  Pikel (D:6)
  2 black mambas (Lair:1)
  2 gargoyles (Volcano)
  A rime drake (D:10)
  A cane toad (Lair:1)
  4 komodo dragons
  A kobold demonologist (D:9)
  2 polar bears
  A troll (D:9)
  4 blink frogs (Lair:2)
  Grinder (D:4)
  Sigmund (D:3)
  A vampire (D:10)
  3 flying skulls (Volcano)
  A wyvern (D:9)
  30 yaks
  2 basilisks (Lair:1)
  Eustachio (D:4)
  A steam dragon (D:9)
  4 vampire mosquitoes (D:10)
  An acid dragon (D:10)
  4 water moccasins
  4 ice beasts
  5 orc warriors
  A sky beast (D:6)
  A black bear (D:7)
  An ogre (D:5)
  5 wolves
  4 centaurs
  3 lemures
  3 kobold brigands
  Blork the orc (D:4)
  6 bullfrogs
  4 scorpions
  2 water moccasin zombies (Ossuary)
  3 wights (D:8)
  9 killer bees
  2 howler monkeys
  A lava snake (D:9)
  4 hounds
  5 orc priests
  An iron imp (D:5)
  Jessica (D:2)
  13 orc wizards
  3 iguanas
  A naga skeleton (Volcano)
  2 mummies (Ossuary)
  4 gnolls
  14 adders
  A white imp (D:5)
  An ufetubus (D:6)
  6 adder zombies (Ossuary)
  4 worms
  4 dart slugs
  33 orcs
  7 ball pythons
  7 bats
  5 endoplasms
  3 giant cockroaches
  6 goblins
  2 hobgoblins
  6 jackals (D:1)
  4 quokkas
  2 frilled lizards (D:3)
  2 gnoll zombies (Ossuary)
  2 hobgoblin zombies (Ossuary)
  23 kobolds
  3 kobold zombies (Ossuary)
  2 orc zombies (Ossuary)
  6 rats
305 creatures vanquished.

Notes
Turn   | Place    | Note
-------+----------+-------------------------------------------
     0 | D:1      | wingedge the Demigod Earth Elementalist began the quest for
                  | the Orb.
     0 | D:1      | Reached XP level 1. HP: 14/14 MP: 5/5
   193 | D:1      | Reached XP level 2. HP: 15/20 MP: 1/7
   562 | D:1      | Found Zaoch's Antique Weapon Boutique.
   592 | D:1      | Reached XP level 3. HP: 25/26 MP: 1/8
   692 | D:1      | Found Zaih's Armour Boutique.
   709 | D:1      | Found Xivush's Weapon Shoppe.
  1152 | D:2      | Noticed Jessica
  1155 | D:2      | Killed Jessica
  1183 | D:2      | Learned a level 3 spell: Stone Arrow
  1417 | D:2      | Reached XP level 4. HP: 33/33 MP: 7/9
  1419 | D:2      | Reached skill level 1 in Conjurations
  1850 | D:2      | Learned a level 2 spell: Passwall
  1971 | D:3      | Found Mylih Osen's General Store.
  1979 | D:3      | Noticed Sigmund
  2075 | D:3      | Killed Sigmund
  2076 | D:3      | Reached skill level 2 in Conjurations
  2076 | D:3      | Reached skill level 5 in Earth Magic
  2076 | D:3      | Reached XP level 5. HP: 22/38 MP: 0/10
  2264 | D:3      | Reached skill level 3 in Conjurations
  2964 | D:4      | Noticed Blork the orc
  2969 | D:4      | Killed Blork the orc
  2970 | D:4      | Reached skill level 1 in Fighting
  2970 | D:4      | Reached XP level 6. HP: 37/47 MP: 1/12
  3087 | D:4      | Noticed Eustachio
  3090 | D:4      | Noticed Grinder
  3108 | D:4      | Killed Eustachio
  3109 | D:4      | Reached skill level 4 in Conjurations
  3134 | D:4      | Paralysed by Grinder for 4 turns
  3145 | D:4      | Killed Grinder
  3146 | D:4      | Reached skill level 5 in Conjurations
  3146 | D:4      | Reached XP level 7. HP: 43/52 MP: 2/15
  3236 | D:4      | Found a sand-covered staircase.
  3241 | Ossuary  | Entered an ossuary
  4045 | D:4      | Identified the +1 ring mail of Activism {rF+ Regen+ Dex+3
                  | SInv}
  4264 | D:5      | Entered Level 5 of the Dungeon
  4401 | D:5      | Reached skill level 1 in Armour
  4402 | D:5      | Reached XP level 8. HP: 63/63 MP: 9/17
  5974 | D:5      | Reached skill level 6 in Conjurations
  6097 | D:6      | Noticed Pikel
  6235 | D:6      | Reached skill level 5 in Fighting
  6241 | D:5      | Reached XP level 9. HP: 37/74 MP: 0/18
  6408 | D:6      | Killed Pikel
  6409 | D:6      | Reached skill level 7 in Conjurations
  6782 | D:6      | Reached skill level 1 in Ice Magic
  6807 | D:6      | Reached skill level 1 in Air Magic
  7829 | D:7      | Reached skill level 5 in Spellcasting
  8131 | D:7      | Found a staircase to the Ecumenical Temple.
  8258 | D:8      | Reached XP level 10. HP: 69/81 MP: 9/21
  8682 | D:8      | Found Effiosiabb's Distillery.
  8691 | D:8      | Bought a potion of curing for 33 gold pieces
  8787 | D:8      | Got the Folio of Feathers and Obstruction
  8792 | D:8      | Learned a level 3 spell: Swiftness
  9949 | D:9      | Noticed a two-headed ogre
  9952 | D:9      | Killed a two-headed ogre
  9953 | D:9      | Reached skill level 5 in Ice Magic
  9953 | D:9      | Reached skill level 5 in Air Magic
 10346 | D:9      | Found a runed translucent door.
 10346 | D:9      | Noticed Zeor's ghost (novice TeHu)
 10355 | D:9      | Killed Zeor's ghost
 10356 | D:9      | Reached skill level 5 in Armour
 11055 | D:9      | Reached XP level 11. HP: 89/89 MP: 1/22
 11971 | D:9      | Found a staircase to the Orcish Mines.
 12116 | D:9      | Learned a level 5 spell: Freezing Cloud
 12118 | D:10     | Entered Level 10 of the Dungeon
 12824 | D:10     | Found a staircase to the Lair.
 13176 | D:10     | Identified the +1 leather armour "Nilerop" {+Blink rElec
                  | rF+}
 13482 | D:10     | Noticed an entropy weaver
 13482 | D:10     | Noticed a centaur warrior
 13483 | D:10     | Noticed a boulder beetle
 13483 | D:10     | Found a runed translucent door.
 13485 | D:10     | Noticed a four-headed hydra
 13485 | D:10     | Noticed an ogre mage
 13485 | D:10     | Noticed a centaur warrior
 13485 | D:10     | Found the necklace of Bloodlust {Fury *Rage Will++ Int-3
                  | Slay+6}
 13750 | D:10     | Noticed an eight-headed hydra
 13752 | D:10     | Noticed a lindwurm
 13805 | Lair:1   | Entered Level 1 of the Lair of Beasts
 13805 | Lair:1   | Noticed a catoblepas
 13811 | Lair:1   | Killed a catoblepas
 15282 | Lair:2   | Noticed a four-headed hydra
 15289 | Lair:2   | Killed a four-headed hydra
 15548 | Lair:2   | Found a dark tunnel.
 15570 | Volcano  | Entered a volcano
 15673 | Volcano  | Reached skill level 8 in Conjurations
 15794 | Volcano  | Reached XP level 12. HP: 94/100 MP: 13/25
 15802 | Volcano  | Slain by a naga skeleton

Illustrated notes

Levels and vault maps discovered:
D:1:      minmay_arrival_floating_metal, layout_rooms, serial_forest,
          infiniplex_forest_lined_corner, infiniplex_forest_clump_C,
          infiniplex_forest_clump_small, infiniplex_forest_lined_corner,
          infiniplex_forest_lined_ring, infiniplex_forest_clump_curved,
          infiniplex_forest_zigzag_2, serial_shops, nicolae_diamond_shop, shop,
          nicolae_shop_stone
D:2:      layout_basic, shapermc_ecumenical_altar_gd, item_on_display_a,
          uniq_jessica
D:3:      minmay_spotlight, layout_basic, serial_shops, nicolae_shop_peninsula,
          uniq_sigmund
D:4:      layout_rooms, lemuel_tele_altar, nicolae_ossuary_entry_plus,
          uniq_grinder, uniq_eustachio, uniq_blork_the_orc
D:5:      layout_loops_ring, nicolae_gozag_seed_capital, makhleb_grotto_becter,
          led_sif_pool, nicolae_overflow_squiral
D:6:      layout_cave_pools, uniq_pikel
D:7:      layout_cave_pools, temple_hall
D:8:      layout_loops_corners, serial_shops, shop_fountains
D:9:      layout_loops_ring, mainiacjoe_overflow_alcove_2,
          nzn_hepliaklqana_mist_gate, david_orc_4,
          ebering_ghost_reflecting_pool, nicolae_kite_square_tiling_tiny,
          grunt_ministairs_15, chequers_serial_rivers_micro_b,
          mrwooster_statue_mirror
D:10:     minmay_gate_of_8, layout_irregular_city, hellmonk_lair_entry_icy
Lair:1:   layout_cave_pods, grunt_megastairs_2
Lair:2:   layout_small_grid, nicolae_spider_entry_orb_guardian,
          nicolae_volcano_entry_s_turn, serial_bayou_shore_b
Volcano:  volcano_tomb [vts_original]

Skill      XL: |  1  2  3  4  5  6  7  8  9 10 11 |
---------------+----------------------------------+-----
Earth Magic    | 3 4 5 6 7 |  7.0
Dodging        | 2 |  2.0
Stealth        | 2 |  2.0
Spellcasting   | 2 3 4 5 6 |  6.0
Conjurations   | 2 3 5 6 7 8 |  8.0
Fighting       | 1 3 5 6 7 |  7.0
Armour         | 1 3 4 5 6 |  6.0
Ice Magic      | 3 6 7 |  7.7
Air Magic      | 3 6 7 |  7.8
Transmutations | |  0.8

Action                     |  1- 3 |  4- 6 |  7- 9 | 10-12 || total
---------------------------+-------+-------+-------+-------++-------
  Melee: Unarmed           |     1 |       |       |       ||     1
         Spear             |     3 |    12 |       |       ||    15
         Rapier            |       |       |    31 |       ||    31
         Whip              |       |       |    13 |    86 ||    99
   Cast: Sandblast         |    47 |    54 |    33 |    10 ||   144
         Passwall          |       |     2 |       |       ||     2
         Stone Arrow       |       |     8 |   128 |   228 ||   364
         Freezing Cloud    |       |       |       |     2 ||     2
  Evoke: Wand              |       |     4 |       |       ||     4
    Use: Scroll            |       |     8 |     5 |     8 ||    21
         Potion            |       |       |       |     1 ||     1
   Stab: Sleeping          |       |       |     1 |       ||     1
 Armour: Robe              |       |    12 |     5 |       ||    17
         Ring mail         |       |       |    22 |    82 ||   104
  Dodge: Dodged            |    13 |    27 |    57 |   110 ||   207
